Map: Ever Dream LE

Players

uwuThermal (uThermal)

  • Race: Terran Terran
  • League: Grandmaster
  • Spawn Location: 1:00

ShoWTimE - Winner!

  • Race: Protoss Protoss
  • League: Master
  • Spawn Location: 7:00

Event: DreamHack SC2 Masters 2020 Fall

VOD

Have the link to the VOD?

Description

Time

  • Played on: Sept. 10, 2020, 3:44 p.m.
  • Length: 7:16

All games in this series

Show
View Real Time Build Order
Export as new Build Order

uwuThermal Terran 

Build Orders: Cyclone Opening 

Get SALT Encoding   

  12  0:00  SCV  
  13  0:12  SCV  
  14  0:17  Supply Depot  
  14  0:24  SCV  
  15  0:38  SCV  
  15  0:40  Barracks  
  16  0:43  Refinery  
  16  0:50  SCV  
  16  0:53  Refinery  
  17  1:02  SCV  
  18  1:14  SCV  
  19  1:27  Orbital Command, Reaper  
  20  1:33  Supply Depot  
  20  1:43  Factory  
  20  1:53  SCV  
  21  2:00  Barracks Tech Lab  
  21  2:05  SCV  
  22  2:17  SCV  
  22  2:22  Command Center  
  23  2:29  SCV  
  24  2:32  Cyclone  
  27  2:39  Supply Depot  
  27  2:41  SCV  
  28  2:55  Barracks Reactor  
  28  2:57  Barracks  
  28  3:04  Barracks  
  27  3:11  Siege Tank  
  30  3:15  SCV  
  31  3:27  SCV  
  31  3:31  Marine x2  
  34  3:39  SCV  
  35  3:43  Siege Tank  
  35  3:44  Barracks Tech Lab  
  38  3:49  Marine x2  
  38  3:55  Orbital Command, Barracks Tech Lab  
  40  4:00  SCV  
  40  4:02  Stimpack, Marine  
  42  4:08  Marine x2  
  44  4:15  Siege Tank  
  47  4:17  Supply Depot, Marine  
  47  4:20  Marine  
  47  4:23  SCV  
  50  4:27  Marine  
  50  4:28  Marine  
  52  4:31  SCV  
  52  4:33  Combat Shield  
  52  4:36  Marine  
  54  4:39  Supply Depot  
  54  4:42  Marine  
  54  4:45  Marine  
  55  4:47  SCV  
  57  4:53  Siege Tank  
  57  4:56  Marine  
  62  5:03  Supply Depot  
  62  5:05  Marauder  
  62  5:06  Marauder  
  65  5:09  SCV  
  65  5:12  Marine  
  65  5:14  Marine  
  67  5:25  Siege Tank  
  67  5:26  Supply Depot, Marine  
  71  5:28  SCV  
  71  5:31  Marine  
  73  5:47  Marauder, Marine  
  73  5:48  Marauder  
  73  5:49  Marine  
  79  6:04  Marine  
  79  6:06  Marine  
  80  6:12  Marauder, Marine  
  83  6:30  Bunker x2, Siege Tank  
  84  6:39  Marine  
  82  6:40  Marauder  
  82  6:41  Marauder, Marine  
  85  6:50  Bunker  
  85  6:57  Marine  
Show
View Real Time Build Order
Export as new Build Order

ShoWTimE Protoss - Winner!

Build Orders: 1 Gate Expand, Colossus Rush 

Get SALT Encoding   

  12  0:00  Probe  
  13  0:12  Probe  
  14  0:17  Pylon  
  14  0:24  Probe (Chrono Boost)  
  15  0:36  Probe (Chrono Boost)  
  15  0:37  Gateway  
  16  0:45  Assimilator, Probe (Chrono Boost)  
  17  0:51  Probe  
  18  1:03  Probe  
  19  1:15  Probe  
  20  1:24  Cybernetics Core  
  20  1:32  Nexus  
  20  1:37  Zealot (Chrono Boost)  
  22  1:44  Pylon  
  22  1:47  Probe  
  22  1:52  Assimilator  
  23  2:01  Stalker (Chrono Boost)  
  23  2:02  Probe  
  23  2:06  Warp Gate (Chrono Boost)  
  25  2:14  Probe  
  26  2:24  Stalker  
  26  2:26  Probe  
  29  2:38  Gateway  
  29  2:39  Probe  
  31  2:44  Shield Battery, Probe  
  31  2:51  Probe  
  32  2:56  Probe  
  33  3:02  Robotics Facility  
  33  3:04  Probe  
  34  3:09  Stalker  
  34  3:12  Probe  
  37  3:16  Probe  
  38  3:20  Pylon  
  38  3:24  Probe  
  39  3:32  Probe  
  40  3:36  Probe (Chrono Boost)  
  40  3:40  Sentry  
  41  3:43  Assimilator  
  43  3:48  Probe (Chrono Boost)  
  43  3:50  Observer, Probe (Chrono Boost)  
  43  3:54  Robotics Bay  
  43  3:55  Probe (Chrono Boost)  
  45  3:57  Probe (Chrono Boost)  
  45  3:58  Assimilator  
  45  4:00  Pylon  
  46  4:02  Probe  
  46  4:07  Gateway  
  48  4:12  Probe (Chrono Boost)  
  48  4:13  Warp Prism (Chrono Boost)  
  48  4:15  Probe (Chrono Boost)  
  51  4:24  Sentry, Probe (Chrono Boost)  
  53  4:25  Probe (Chrono Boost)  
  53  4:28  Pylon  
  53  4:29  Probe (Chrono Boost)  
  56  4:33  Probe  
  56  4:36  Pylon  
  57  4:41  Stalker  
  59  4:48  Colossus (Chrono Boost)  
  65  4:54  Pylon  
  65  4:57  Extended Thermal Lance (Chrono Boost)  
  65  4:58  Sentry  
  66  5:02  Zealot  
  68  5:08  Shield Battery  
  68  5:12  Zealot  
  70  5:24  Zealot x2  
  70  5:28  Shield Battery  
  74  5:30  Shield Battery  
  74  5:31  Pylon  
  74  5:36  Colossus (Chrono Boost)  
  80  5:52  Stalker x2  
  80  5:53  Pylon  
  80  5:55  Shield Battery  
  80  5:56  Stalker  
  86  6:00  Pylon  
  86  6:13  Colossus (Chrono Boost)  
  86  6:17  Stalker x2  
  96  6:26  Adept  
  96  6:29  Pylon  
  98  6:41  Zealot x2  
  98  6:44  Gateway  
  102  6:48  Zealot  
  90  7:02  Zealot x2  
  84  7:10  Forge  

Tags
 
Add a new tag
Caveats
  • Supply blocks, unpowered buildings, or Contaminate may cause inaccurate times.
  • Supply counts are checked every 10 seconds.